NCAA
VIRGINIA TECH HOKIES @ LOUISIANA STATE TIGERS
05/17/2029
 
TOP OF THE 1ST
Virginia Tech Hokies batting - Pitching for Louisiana State Tigers : RHP Manny Castro
Pitching: RHP Manny Castro
Batting: RHB Jake Holmes 0-0: Called Strike
0-1: Foul Ball, location: 2F
0-2: Ball
1-2: Ball
2-2: Strikes out swinging
Batting: LHB Chris López 0-0: Ball
1-0: Swinging Strike
1-1: Foul Ball, location: 2F
1-2: Strikes out looking
Batting: RHB Eric Clay 0-0: Called Strike
0-1: Swinging Strike
0-2: Foul Ball, location: 2F
0-2: Ball
1-2: Ground out 4-3 (Groundball, 4)
Top of the 1st over - 0 runs, 0 hits, 0 errors, 0 left on base; Virginia Tech 0 - Louisiana State 0
BOTTOM OF THE 1ST
Louisiana State Tigers batting - Pitching for Virginia Tech Hokies : RHP Carlos Morán
Pitching: RHP Carlos Morán
Batting: RHB Fernando Rodríguez 0-0: Fly out, F9 (Line Drive, 89D)
Batting: RHB Devin Taylor 0-0: Foul Ball, location: 2F
0-1: Ball
1-1: Ball
2-1: Ball
3-1: Called Strike
3-2: Foul Ball, location: 2F
3-2: Base on Balls
Batting: LHB Ronald Wallace 0-0: Ball
1-0: Ball
2-0: Grounds into double play, 4-6-3 (Groundball, 4)
Bottom of the 1st over - 0 runs, 0 hits, 0 errors, 0 left on base; Virginia Tech 0 - Louisiana State 0
TOP OF THE 2ND
Virginia Tech Hokies batting - Pitching for Louisiana State Tigers : RHP Manny Castro
Batting: RHB Dusty Green 0-0: Ball
1-0: Ball
2-0: Called Strike
2-1: Foul Ball, location: 2F
2-2: Strikes out looking
Batting: RHB Jack Jenkins 0-0: Hit by Pitch
Batting: RHB Will McDonald 0-0: Ball
1-0: Ball
2-0: Foul Ball, location: 2F
2-1: Foul Ball, location: 2F
2-2: Strikes out swinging
Batting: SHB Daniel Lee 0-0: Fielders Choice at 2nd, 6-4 (Groundball, 6)
Top of the 2nd over - 0 runs, 0 hits, 0 errors, 1 left on base; Virginia Tech 0 - Louisiana State 0
BOTTOM OF THE 2ND
Louisiana State Tigers batting - Pitching for Virginia Tech Hokies : RHP Carlos Morán
Batting: RHB John Howell 0-0: Ball
1-0: Foul Ball, location: 2F
1-1: Ball
2-1: SINGLE (Groundball, 4MD)
Batting: RHB Ernesto Quintero 0-0: Foul Ball, location: 2F
0-1: SINGLE (Line Drive, 56)
John Howell to second
Batting: LHB Jerry Flatt 0-0: Fielders Choice at 2nd, 4-6 (Groundball, 4)
John Howell to third
Batting: LHB Mark Potter 0-0: Ball
1-0: Swinging Strike
1-1: Ball
2-1: Ball
3-1: Base on Balls
Jerry Flatt to second
Batting: LHB Rick Owens 0-0: Ball
1-0: Ball
2-0: Called Strike
2-1: Ball
3-1: Base on Balls
John Howell scores
Jerry Flatt to third
Mark Potter to second
Batting: RHB Mike Cooley 0-0: Ball
1-0: Fly out, F5 (Line Drive, 5)
Batting: RHB Fernando Rodríguez 0-0: Ball
1-0: Fly out, F7 (Line Drive, 7S)
Bottom of the 2nd over - 1 run, 2 hits, 0 errors, 3 left on base; Virginia Tech 0 - Louisiana State 1
TOP OF THE 3RD
Virginia Tech Hokies batting - Pitching for Louisiana State Tigers : RHP Manny Castro
Batting: RHB Primo Owen 0-0: Ball
1-0: Fly out, F8 (Flyball, 8LD)
Batting: RHB Tim Wise 0-0: Foul Ball, location: 2F
0-1: Called Strike
0-2: Strikes out looking
Batting: RHB Jake Holmes 0-0: Foul Ball, location: 2F
0-1: Ball
1-1: Ball
2-1: DOUBLE (Line Drive, 9LD)
Batting: LHB Chris López 0-0: SINGLE (Line Drive, 8RS)
Jake Holmes to third
Runner from 3rd tries for Home, SAFE, throw made home
Batting: RHB Eric Clay 0-0: Ground out 4-3 (Groundball, 4)
Top of the 3rd over - 1 run, 2 hits, 0 errors, 1 left on base; Virginia Tech 1 - Louisiana State 1
BOTTOM OF THE 3RD
Louisiana State Tigers batting - Pitching for Virginia Tech Hokies : RHP Carlos Morán
Batting: RHB Devin Taylor 0-0: Called Strike
0-1: Ball
1-1: Foul Ball, location: 2F
1-2: Foul Ball, location: 2F
1-2: Foul Ball, location: 2F
1-2: Foul Ball, location: 2F
1-2: Strikes out looking
Batting: LHB Ronald Wallace 0-0: Ground out 4-3 (Groundball, 4)
Batting: RHB John Howell 0-0: Ball
1-0: SINGLE (Groundball, 34D)
Batting: RHB Ernesto Quintero 0-0: Ball
1-0: Called Strike
1-1: Foul Ball, location: 2F
1-2: Ball
2-2: SINGLE (Line Drive, 7S)
John Howell to second
Batting: LHB Jerry Flatt 0-0: Ball
1-0: DOUBLE (Groundball, 5L)
John Howell scores
Ernesto Quintero to third
Runner from 3rd tries for Home, SAFE, no throw
Batting: LHB Mark Potter 0-0: Ball
1-0: Called Strike
1-1: Ball
2-1: Ball
3-1: Swinging Strike
3-2: Base on Balls
Batting: LHB Rick Owens 0-0: Ball
1-0: Called Strike
1-1: Ball
2-1: Foul Ball, location: 2F
2-2: Foul Ball, location: 2F
2-2: Foul Ball, location: 2F
2-2: Ball
3-2: Ground out U3 (Groundball, 3S)
Bottom of the 3rd over - 2 runs, 3 hits, 0 errors, 2 left on base; Virginia Tech 1 - Louisiana State 3
TOP OF THE 4TH
Virginia Tech Hokies batting - Pitching for Louisiana State Tigers : RHP Manny Castro
Batting: RHB Dusty Green 0-0: Ball
1-0: Called Strike
1-1: Foul Ball, location: 2F
1-2: Strikes out swinging
Batting: RHB Jack Jenkins 0-0: SINGLE (Groundball, 56D)
Batting: RHB Will McDonald 0-0: Ball
1-0: Ball
2-0: Ball
3-0: Called Strike
3-1: SINGLE (Groundball, 4MD)
Jack Jenkins to second
Batting: SHB Daniel Lee 0-0: Ball
1-0: Swinging Strike
1-1: Called Strike
1-2: Ball
2-2: Ball
3-2: Foul Ball, location: 2F
3-2: Strikes out swinging
Batting: RHB Primo Owen 0-0: Foul Ball, location: 2F
0-1: Swinging Strike
0-2: Ball
1-2: Strikes out looking
Top of the 4th over - 0 runs, 2 hits, 0 errors, 2 left on base; Virginia Tech 1 - Louisiana State 3
BOTTOM OF THE 4TH
Louisiana State Tigers batting - Pitching for Virginia Tech Hokies : RHP Carlos Morán
Batting: RHB Mike Cooley 0-0: Swinging Strike
0-1: Fly out, F6 (Popup, 6)
Batting: RHB Fernando Rodríguez 0-0: Ball
1-0: Ball
2-0: Ball
3-0: Base on Balls
Batting: RHB Devin Taylor 0-0: Ball
1-0: Ball
2-0: Swinging Strike
2-1: Ball
3-1: Base on Balls
Fernando Rodríguez to second
Batting: LHB Ronald Wallace 0-0: Called Strike
0-1: Swinging Strike
0-2: Ball
1-2: Foul Ball, location: 2F
1-2: Foul Ball, location: 2F
1-2: Ball
2-2: Fielders Choice at 2nd, 3-6 (Groundball, 34)
Fernando Rodríguez to third
Pitching: RHP Zack Quintero
Batting: RHB John Howell 0-0: Ball
1-0: Called Strike
1-1: Swinging Strike
1-2: DOUBLE (Line Drive, 8LD)
Fernando Rodríguez scores
Ronald Wallace to third
Batting: RHB Ernesto Quintero 0-0: Called Strike
0-1: Fly out, F8 (Flyball, 8RD)
Bottom of the 4th over - 1 run, 1 hit, 0 errors, 2 left on base; Virginia Tech 1 - Louisiana State 4
TOP OF THE 5TH
Virginia Tech Hokies batting - Pitching for Louisiana State Tigers : RHP Manny Castro
Batting: RHB Tim Wise 0-0: Called Strike
0-1: Swinging Strike
0-2: Ball
1-2: Foul Ball, location: 2F
1-2: Foul Ball, location: 2F
1-2: Strikes out swinging
Batting: RHB Jake Holmes 0-0: Swinging Strike
0-1: Fly out, F3 (Flyball, 3D)
Batting: LHB Chris López 0-0: Called Strike
0-1: Ball
1-1: Foul Ball, location: 2F
1-2: Ball
2-2: SOLO HOME RUN (Flyball, 9LD), Distance : 327 ft
Batting: RHB Eric Clay 0-0: SINGLE (Line Drive, 8LS)
Batting: RHB Dusty Green 0-0: Foul Ball, location: 2F
0-1: Ball
1-1: Foul Ball, location: 2F
1-2: Foul Ball, location: 2F
1-2: Ground out 5-3 (Groundball, 25)
Top of the 5th over - 1 run, 2 hits, 0 errors, 1 left on base; Virginia Tech 2 - Louisiana State 4
BOTTOM OF THE 5TH
Louisiana State Tigers batting - Pitching for Virginia Tech Hokies : RHP Zack Quintero
Batting: LHB Jerry Flatt 0-0: Ball
1-0: Called Strike
1-1: Called Strike
1-2: Ground out 5-3 (Groundball, 56S)
Batting: LHB Mark Potter 0-0: Called Strike
0-1: Fly out, F6 (Line Drive, 6M)
Batting: LHB Rick Owens 0-0: Ball
1-0: Called Strike
1-1: Called Strike
1-2: Fly out, F8 (Flyball, 8LD)
Bottom of the 5th over - 0 runs, 0 hits, 0 errors, 0 left on base; Virginia Tech 2 - Louisiana State 4
TOP OF THE 6TH
Virginia Tech Hokies batting - Pitching for Louisiana State Tigers : RHP Manny Castro
Batting: RHB Jack Jenkins 0-0: Called Strike
0-1: Ball
1-1: Foul Ball, location: 2F
1-2: Ball
2-2: Ball
3-2: Strikes out swinging
Pitching: LHP Derek Jacobs
Batting: RHB Will McDonald 0-0: Swinging Strike
0-1: Ball
1-1: Fly out, F7 (Line Drive, 7D)
Batting: SHB Daniel Lee 0-0: Called Strike
0-1: Ball
1-1: Swinging Strike
1-2: Strikes out swinging
Top of the 6th over - 0 runs, 0 hits, 0 errors, 0 left on base; Virginia Tech 2 - Louisiana State 4
BOTTOM OF THE 6TH
Louisiana State Tigers batting - Pitching for Virginia Tech Hokies : RHP Zack Quintero
Batting: RHB Mike Cooley 0-0: SINGLE (Groundball, 6MD)
Batting: RHB Fernando Rodríguez 0-0: SINGLE (Flyball, 78S)
Mike Cooley to second
Batting: RHB Devin Taylor 0-0: Ball
1-0: Ball
2-0: Called Strike
2-1: Swinging Strike
2-2: Ball
3-2: Strikes out swinging
Batting: LHB Ronald Wallace 0-0: Ball
1-0: Ball
2-0: Called Strike
2-1: Ball
3-1: Base on Balls
Mike Cooley to third
Fernando Rodríguez to second
Batting: RHB John Howell 0-0: Swinging Strike
0-1: Ball
1-1: Foul Ball, location: 2F
1-2: Ball
2-2: Foul Ball, location: 2F
2-2: Foul Ball, location: 2F
2-2: Foul Ball, location: 2F
2-2: Foul Ball, location: 2F
2-2: Foul Ball, location: 2F
2-2: Foul Ball, location: 2F
2-2: Ball
3-2: Base on Balls
Mike Cooley scores
Fernando Rodríguez to third
Ronald Wallace to second
Batting: RHB Ernesto Quintero 0-0: Ball
1-0: Fly out, F8 (Flyball, 8LD)
Runner from 3rd tags up, SCORES, no throw
Batting: LHB Jerry Flatt 0-0: Ball
1-0: Called Strike
1-1: Ball
2-1: Ball
3-1: Fly out, F8 (Flyball, 8LD)
Bottom of the 6th over - 2 runs, 2 hits, 0 errors, 2 left on base; Virginia Tech 2 - Louisiana State 6
TOP OF THE 7TH
Virginia Tech Hokies batting - Pitching for Louisiana State Tigers : LHP Derek Jacobs
Batting: RHB Primo Owen 0-0: SINGLE (Line Drive, 6MD)
Batting: RHB Tim Wise 0-0: Foul Ball, location: 2F
0-1: Called Strike
0-2: Strikes out looking
Batting: RHB Jake Holmes 0-0: Called Strike
0-1: Foul Ball, location: 2F
0-2: Ball
1-2: Ball
2-2: Fly out, F9 (Flyball, 89M)
Batting: LHB Chris López 0-0: Swinging Strike
0-1: Foul Ball, location: 2F
0-2: Ball
1-2: 2-RUN HOME RUN (Flyball, 9LD), Distance : 338 ft
Pitching: LHP Sean Lester
Batting: RHB Eric Clay 0-0: Called Strike
0-1: Ball
1-1: Ball
2-1: Ball
3-1: Base on Balls
Batting: RHB Dusty Green 0-0: Ball
1-0: Ball
2-0: Ball
3-0: Called Strike
3-1: Base on Balls
Eric Clay to second
Batting: RHB Jack Jenkins 0-0: Swinging Strike
0-1: Swinging Strike
0-2: Foul Ball, location: 2F
0-2: Ball
1-2: Strikes out swinging
Top of the 7th over - 2 runs, 2 hits, 0 errors, 2 left on base; Virginia Tech 4 - Louisiana State 6
BOTTOM OF THE 7TH
Louisiana State Tigers batting - Pitching for Virginia Tech Hokies : RHP Zack Quintero
Batting: LHB Mark Potter 0-0: Called Strike
0-1: Ball
1-1: Ball
2-1: Ball
3-1: Called Strike
3-2: Fly out, F7 (Flyball, 7LMF)
Pitching: LHP Tony McDermott
Batting: LHB Rick Owens 0-0: Swinging Strike
0-1: Called Strike
0-2: Strikes out swinging
Batting: RHB Mike Cooley 0-0: Ball
1-0: Ball
2-0: Swinging Strike
2-1: Ball
3-1: Base on Balls
Batting: RHB Fernando Rodríguez 0-0: Called Strike
0-1: Fielders Choice at 2nd, 6-4 (Groundball, 6)
Bottom of the 7th over - 0 runs, 0 hits, 0 errors, 1 left on base; Virginia Tech 4 - Louisiana State 6
TOP OF THE 8TH
Virginia Tech Hokies batting - Pitching for Louisiana State Tigers : LHP Sean Lester
Batting: RHB Will McDonald 0-0: Ball
1-0: Ball
2-0: Ball
3-0: Called Strike
3-1: Base on Balls
Batting: SHB Daniel Lee 0-0: Ball
1-0: Swinging Strike
1-1: Ball
2-1: Swinging Strike
2-2: Strikes out swinging
Batting: RHB Primo Owen 0-0: Ball
1-0: Foul Ball, location: 2F
1-1: Ball
2-1: Ball
3-1: Base on Balls
Will McDonald to second
Pitching: RHP Ricardo Delgado
Pinch Hitting: SHB Junior Campbell 0-0: Ball
1-0: Foul Ball, location: 2F
1-1: Ball
2-1: Ball
3-1: DOUBLE (Groundball, 3L)
Will McDonald scores
Primo Owen to third
Runner from 3rd tries for Home, SAFE, no throw
Batting: RHB Jake Holmes 0-0: Ball
1-0: Called Strike
1-1: Ground out 5-3 (Groundball, 2L)
Junior Campbell to third
Batting: LHB Chris López 0-0: Called Strike
0-1: Ball
1-1: Foul Ball, location: 2F
1-2: Foul Ball, location: 2F
1-2: Ball
2-2: Ball
3-2: Base on Balls
Batting: RHB Eric Clay 0-0: Called Strike
0-1: Called Strike
0-2: Foul Ball, location: 2F
0-2: Foul Ball, location: 2F
0-2: Ball
1-2: Ball
2-2: SINGLE (Groundball, 34D)
Junior Campbell scores
Chris López to second
Batting: RHB Dusty Green 0-0: Ball
1-0: Ball
2-0: Foul Ball, location: 2F
2-1: Ball
3-1: Foul Ball, location: 2F
3-2: SINGLE (Groundball, 6MD)
Chris López to third
Eric Clay to second
Chris López scores
Eric Clay to third
Batting: RHB Jack Jenkins 0-0: DOUBLE (Flyball, 78XD)
Eric Clay scores
Dusty Green to third
Runner from 3rd tries for Home, throw and OUT!
Top of the 8th over - 5 runs, 4 hits, 0 errors, 1 left on base; Virginia Tech 9 - Louisiana State 6
BOTTOM OF THE 8TH
Louisiana State Tigers batting - Pitching for Virginia Tech Hokies : LHP Tony McDermott
Now at 3B: Junior Campbell
Batting: RHB Devin Taylor 0-0: Ball
1-0: Called Strike
1-1: Swinging Strike
1-2: Ball
2-2: Strikes out swinging
Batting: LHB Ronald Wallace 0-0: Ball
1-0: Ball
2-0: Ground out 1-3 (Groundball, 13)
Batting: RHB John Howell 0-0: Ball
1-0: Called Strike
1-1: Foul Ball, location: 2F
1-2: Ground out 3-1 (Groundball, 34S)
Bottom of the 8th over - 0 runs, 0 hits, 0 errors, 0 left on base; Virginia Tech 9 - Louisiana State 6
TOP OF THE 9TH
Virginia Tech Hokies batting - Pitching for Louisiana State Tigers : RHP Ricardo Delgado
Pitching: RHP Marc Matos
Batting: RHB Will McDonald 0-0: Ball
1-0: Ball
2-0: Ball
3-0: Called Strike
3-1: Foul Ball, location: 2F
3-2: Strikes out swinging
Batting: SHB Daniel Lee 0-0: Foul Ball, location: 2F
0-1: Swinging Strike
0-2: Strikes out swinging
Batting: RHB Primo Owen 0-0: Swinging Strike
0-1: Ball
1-1: Fly out, F8 (Line Drive, 8RD)
Top of the 9th over - 0 runs, 0 hits, 0 errors, 0 left on base; Virginia Tech 9 - Louisiana State 6
BOTTOM OF THE 9TH
Louisiana State Tigers batting - Pitching for Virginia Tech Hokies : LHP Tony McDermott
Batting: RHB Ernesto Quintero 0-0: Ball
1-0: Ball
2-0: SOLO HOME RUN (Flyball, 7LD), Distance : 340 ft
Batting: LHB Jerry Flatt 0-0: Ball
1-0: Ball
2-0: Ball
3-0: Base on Balls
Pinch Hitting: RHB Jonathan Bennett 0-0: SINGLE (Groundball, 34S) (infield hit)
Jerry Flatt to second
Batting: LHB Rick Owens 0-0: Called Strike
0-1: Ball
1-1: Ball
2-1: Ground out U3 (Groundball, 34S)
Jerry Flatt to third
Jonathan Bennett to second
Batting: RHB Mike Cooley 0-0: Ball
1-0: Ball
2-0: SINGLE (Line Drive, 7LM)
Jerry Flatt scores
Jonathan Bennett to third
Runner from 3rd tries for Home, throw and OUT!
Batting: RHB Fernando Rodríguez 0-0: SINGLE (Groundball, 6) (infield hit)
Mike Cooley to second
Batting: RHB Devin Taylor 0-0: Called Strike
0-1: Foul Ball, location: 2F
0-2: Fly out, F9 (Flyball, 89M)
Bottom of the 9th over - 2 runs, 4 hits, 0 errors, 2 left on base; Virginia Tech 9 - Louisiana State 8
Saturday, December 16th, 2017 - OOTP Baseball 18.8 Build 76